[Event "2nd Gujarat Open 2019"]
[Site "Ahmedabad, Gujarat"]
[Date "2019.09.27"]
[Round "8.32"]
[White "Jay Kundaliya"]
[Black "Chaitanya Sairam Mogili"]
[Result "1-0"]
[ECO "C10"]
[WhiteElo "2097"]
[BlackElo "1908"]
[Annotator "NA"]
[PlyCount "67"]
[EventDate "2019.09.22"]
[EventType "swiss"]
[EventCountry "IND"]
[SourceTitle "playchess.com"]
[Source "ChessBase"]
[SourceQuality "1"]
[TimeControl "5400+30"]

1. e4 e6 2. d4 d5 3. Nc3 dxe4 4. Nxe4 Bd7 5. Nf3 Bc6 6. Bd3 Nd7 7. c3 Ngf6 8. Nxf6+ Nxf6 9. Bf4 Bxf3 10. Qxf3 c6 11. O-O Bd6 12. Be5 O-O 13. Rad1 Qe7 14. Rfe1 Rad8 15. a3 Rd7 16. Qh3 g6 17. Qf3 Ne8 18. g3 Ng7 19. Bf6 Qe8 20. d5 Qc8 21. dxc6 Qxc6 22. Qxc6 bxc6 23. Be4 Rc8 24. b4 Ne8 25. Bg5 f6 26. Be3 Kf7 27. c4 Ke7 28. f4 c5 29. b5 Ng7 30. g4 e5 31. Bc6 Rdc7 32. fxe5 Bxe5 33. Bxc5+ Kf7 34. Bd5+ {[%emt 0:00:51] Ra8} 1-0

[Event "2nd Gujarat Open 2019"]
[Site "Ahmedabad, Gujarat"]
[Date "2019.09.27"]
[Round "8.33"]
[White "Samal Ansuman"]
[Black "Kumar, Gaurav"]
[Result "1-0"]
[ECO "A45"]
[WhiteElo "1847"]
[BlackElo "2096"]
[Annotator "NA"]
[PlyCount "105"]
[EventDate "2019.09.22"]
[EventType "swiss"]
[EventCountry "IND"]
[SourceTitle "playchess.com"]
[Source "ChessBase"]
[SourceQuality "1"]
[TimeControl "5400+30"]

1. d4 Nf6 2. e3 e6 3. Bd3 c5 4. c3 b6 5. f4 Bb7 6. Nf3 d6 7. Nbd2 Nbd7 8. O-O Be7 9. Qe2 O-O 10. b3 Nd5 11. c4 Nc3 12. Qe1 f5 13. e4 cxd4 14. exf5 Nc5 15. Nxd4 Nxd3 16. Qxe6+ Rf7 17. Qe3 Bf6 18. Ne6 Qe8 19. Qxd3 Ne2+ 20. Qxe2 Bxa1 21. Ba3 Bc3 22. Ne4 Bd4+ 23. Kh1 Bc5 24. Bxc5 Bxe4 25. Qxe4 dxc5 26. Rd1 Rc8 27. g4 Rd7 28. Rd5 Rxd5 29. cxd5 b5 30. Qe5 Qd7 31. Nxg7 c4 32. Nh5 Qf7 33. Nf6+ Kf8 34. bxc4 bxc4 35. Qd6+ Kg7 36. Nh5+ Kg8 37. Nf6+ Kg7 38. Ne4 Re8 39. Ng5 Qf6 40. Qc7+ Re7 41. Ne6+ Qxe6 42. fxe6 Rxc7 43. d6 Rb7 44. d7 c3 45. d8=Q c2 46. Qd4+ Kg8 47. Qd8+ Kg7 48. Qg5+ Kh8 49. f5 Rb1+ 50. Kg2 c1=Q 51. Qf6+ Kg8 52. Qf7+ Kh8 53. Qf8# 1-0

[Event "2nd Gujarat Open 2019"]
[Site "Ahmedabad, Gujarat"]
[Date "2019.09.27"]
[Round "8.34"]
[White "Barath Kalyan M"]
[Black "Chauhan, Joy"]
[Result "1/2-1/2"]
[ECO "A56"]
[WhiteElo "2092"]
[BlackElo "1872"]
[Annotator "NA"]
[PlyCount "46"]
[EventDate "2019.09.22"]
[EventType "swiss"]
[EventCountry "IND"]
[SourceTitle "playchess.com"]
[Source "ChessBase"]
[SourceQuality "1"]
[TimeControl "5400+30"]

1. d4 Nf6 2. c4 c5 3. Nf3 cxd4 4. Nxd4 e5 5. Nb5 d5 6. cxd5 Bc5 7. N5c3 O-O 8. e3 e4 9. Be2 Qe7 10. a3 Rd8 11. b4 Bd6 12. Ra2 a6 13. Rd2 b5 14. Bb2 Nbd7 15. O-O Nb6 16. Qb3 Ng4 17. Bxg4 Bxg4 18. Rd4 Qh4 19. h3 Bxh3 20. Nxe4 Bxg2 21. Kxg2 Qh2+ 22. Kf3 Qh5+ 23. Kg2 Qh2+ 1/2-1/2

[Event "2nd Gujarat Open 2019"]
[Site "Ahmedabad, Gujarat"]
[Date "2019.09.27"]
[Round "8.35"]
[White "Kishan, Gangolli"]
[Black "Aditya P Melani"]
[Result "1-0"]
[ECO "E46"]
[WhiteElo "2089"]
[BlackElo "1847"]
[Annotator "NA"]
[PlyCount "105"]
[EventDate "2019.09.22"]
[EventType "swiss"]
[EventCountry "IND"]
[SourceTitle "playchess.com"]
[Source "ChessBase"]
[SourceQuality "1"]
[TimeControl "5400+30"]

1. d4 Nf6 2. c4 e6 3. Nc3 Bb4 4. e3 O-O 5. Bd2 c5 6. a3 Bxc3 7. Bxc3 d6 8. Bd3 Nbd7 9. Ne2 b6 10. O-O Bb7 11. b4 Rc8 12. Qb1 h6 13. Rd1 cxd4 14. exd4 Rc7 15. Ng3 Qa8 16. f3 h5 17. Nf1 Rfc8 18. Be1 Rxc4 19. Bxc4 Rxc4 20. Ne3 Rc8 21. Bg3 Qb8 22. Rc1 b5 23. Rxc8+ Bxc8 24. Qc2 Nb6 25. Qc6 Bd7 26. Qxd6 Qc8 27. Qb8 Qxb8 28. Bxb8 a6 29. Rc1 Nfd5 30. Nxd5 Nxd5 31. Bd6 Kh7 32. Kf2 Kg6 33. Ke2 Kf5 34. Kd3 g5 35. g3 Kg6 36. h4 f6 37. hxg5 Kxg5 38. Ke4 Be8 39. f4+ Kg4 40. f5 Bf7 41. fxe6 Bxe6 42. Rc5 Nb6 43. d5 Bd7 44. Rc7 Bf5+ 45. Kd4 Nc4 46. Rg7+ Kf3 47. Bc7 Nxa3 48. d6 Nc2+ 49. Kc5 a5 50. bxa5 b4 51. d7 Bxd7 52. Rxd7 b3 53. Rd3+ 1-0

[Event "2nd Gujarat Open 2019"]
[Site "Ahmedabad, Gujarat"]
[Date "2019.09.27"]
[Round "8.36"]
[White "Anadkat Kartavya"]
[Black "Ananmay Sharma"]
[Result "1-0"]
[ECO "B12"]
[WhiteElo "2088"]
[BlackElo "1734"]
[Annotator "NA"]
[PlyCount "85"]
[EventDate "2019.09.22"]
[EventType "swiss"]
[EventCountry "IND"]
[SourceTitle "playchess.com"]
[Source "ChessBase"]
[SourceQuality "1"]
[TimeControl "5400+30"]

1. e4 c6 2. d4 d5 3. e5 Bf5 4. g4 Be4 5. f3 Bg6 6. e6 Qd6 7. exf7+ Bxf7 8. f4 g5 9. Nf3 gxf4 10. Ne5 Qe6 11. Bd3 Bg6 12. Bxf4 Nd7 13. Qe2 Bxd3 14. cxd3 Bg7 15. Nd2 Nh6 16. h3 Nf7 17. Ndf3 Rf8 18. Bg3 Bh6 19. O-O Nfxe5 20. dxe5 Bf4 21. Nd4 Qh6 22. Bxf4 Rxf4 23. Nf5 Rxf1+ 24. Qxf1 Qg5 25. Qe2 h5 26. Rf1 O-O-O 27. h4 Qxg4+ 28. Qxg4 hxg4 29. Nxe7+ Kc7 30. Ng6 Nc5 31. h5 Rg8 32. Rf7+ Kb6 33. b4 Ne6 34. Rf6 Ng5 35. e6 Kc7 36. h6 Nh7 37. Rf7+ Kd8 38. Rxh7 Rxg6 39. Rd7+ Ke8 40. h7 Rh6 41. Rxb7 Kf8 42. h8=Q+ Rxh8 43. Rb8+ 1-0

[Event "2nd Gujarat Open 2019"]
[Site "Ahmedabad, Gujarat"]
[Date "2019.09.28"]
[Round "9.2"]
[White "Saptarshi, Roy"]
[Black "Himanshu, Sharma"]
[Result "1-0"]
[ECO "B47"]
[WhiteElo "2480"]
[BlackElo "2408"]
[Annotator "ChessBase"]
[PlyCount "125"]
[EventDate "2019.09.22"]
[EventType "swiss"]
[EventCountry "IND"]
[SourceTitle "playchess.com"]
[Source "ChessBase"]
[SourceQuality "1"]
[TimeControl "5400+30"]

1. e4 c5 2. Nf3 e6 3. d4 cxd4 4. Nxd4 Nc6 5. Nc3 Qc7 6. g3 a6 7. Bg2 Nf6 8. O-O d6 9. Nb3 Be7 10. a4 b6 11. f4 Bb7 12. Qe2 O-O 13. g4 Rfe8 14. g5 Nd7 15. Rf3 Bf8 16. Rh3 g6 17. Qf2 Bg7 18. f5 Nb4 19. f6 Bf8 20. Bf4 Nc5 21. Rf1 e5 22. Be3 Bc8 23. Rh4 Rd8 24. Nd5 Nxd5 25. exd5 Rb8 26. Nd2 Bf5 27. Bh3 Bxh3 28. Rxh3 b5 29. axb5 Rxb5 30. b3 Rb4 31. Bxc5 Rg4+ 32. Rg3 Rxg3+ 33. hxg3 dxc5 34. c4 Rb8 35. Re1 a5 36. Qe3 Bd6 37. Ne4 Bf8 38. Rd1 Rb6 39. Kg2 Qb7 40. Rd3 a4 41. bxa4 Rb1 42. Nd2 Rb2 43. Kf3 Qd7 44. Qxe5 Rc2 45. d6 h5 46. Kg2 h4 47. Kh2 hxg3+ 48. Kxg3 Rc1 49. Ne4 Rh1 50. Nf2 Rg1+ 51. Kh2 Rc1 52. Qxc5 Qe6 53. Qd5 Qe2 54. Rd2 Qe1 55. d7 Qg1+ 56. Kh3 Rc3+ 57. Nd3 Qf1+ 58. Kh2 Rxc4 59. Nf2 Rc1 60. d8=Q Qg1+ 61. Kh3 Qf1+ 62. Qg2 Rc3+ 63. Kh2 1-0

[Event "2nd Gujarat Open 2019"]
[Site "Ahmedabad, Gujarat"]
[Date "2019.09.28"]
[Round "9.3"]
[White "Deepan Chakkravarthy J."]
[Black "Neelash Saha"]
[Result "0-1"]
[ECO "A46"]
[WhiteElo "2539"]
[BlackElo "2334"]
[Annotator "ChessBase"]
[PlyCount "82"]
[EventDate "2019.09.22"]
[EventType "swiss"]
[EventCountry "IND"]
[SourceTitle "playchess.com"]
[Source "ChessBase"]
[SourceQuality "1"]
[TimeControl "5400+30"]

1. Nf3 Nf6 2. d4 e6 3. Bg5 h6 4. Bh4 Be7 5. e3 c5 6. Nbd2 O-O 7. Bd3 b6 8. c3 Ba6 9. Bxa6 Nxa6 10. Qe2 Nb8 11. Bxf6 Bxf6 12. g4 g6 13. h4 Bg7 14. Rd1 Qe7 15. Ne5 d6 16. Nd3 Nd7 17. Ne4 d5 18. Ng3 e5 19. dxe5 Nxe5 20. Nf4 d4 21. cxd4 cxd4 22. exd4 Qb4+ 23. Kf1 Nc6 24. d5 Qxf4 25. dxc6 Rac8 26. Qc2 Qf3 27. c7 Rxc7 28. Qxc7 Qxd1+ 29. Kg2 Qd5+ 30. f3 Qxa2 31. Re1 Qxb2+ 32. Re2 Qa1 33. h5 Qa6 34. Re7 Rc8 35. Qd7 Rc2+ 36. Kh3 Qa2 37. Re8+ Kh7 38. hxg6+ fxg6 39. Nf1 Rf2 40. Qd3 Qa1 41. Ng3 Qg1 0-1

[Event "2nd Gujarat Open 2019"]
[Site "Ahmedabad, Gujarat"]
[Date "2019.09.28"]
[Round "9.4"]
[White "Sahoo, Utkal Ranjan"]
[Black "Chanda, Sandipan"]
[Result "0-1"]
[ECO "A80"]
[WhiteElo "2329"]
[BlackElo "2529"]
[Annotator "ChessBase"]
[PlyCount "148"]
[EventDate "2019.09.22"]
[EventType "swiss"]
[EventCountry "IND"]
[SourceTitle "playchess.com"]
[Source "ChessBase"]
[SourceQuality "1"]
[TimeControl "5400+30"]

1. d4 f5 2. Bg5 g6 3. Nc3 Bg7 4. h4 h6 5. Bf4 Nf6 6. e3 d6 7. Qf3 Nbd7 8. O-O-O c6 9. Qg3 Nf8 10. Be2 Be6 11. Bf3 Qa5 12. a3 Nd5 13. Nge2 Bf7 14. e4 Nxf4 15. Qxf4 e5 16. Qd2 fxe4 17. Bxe4 d5 18. Bf3 h5 19. dxe5 Bh6 20. Nf4 Ne6 21. g3 d4 22. Nce2 Qxe5 23. Kb1 O-O-O 24. Bg2 Kb8 25. Nd3 Qc7 26. f4 Ng7 27. Bh3 Rhe8 28. Rhe1 c5 29. Nec1 c4 30. Rxe8 Bxe8 31. Ne5 Nf5 32. Bxf5 gxf5 33. Ne2 d3 34. Nc3 Qxe5 35. fxe5 Bxd2 36. Rxd2 Bc6 37. cxd3 cxd3 38. Kc1 Be4 39. Rd1 Re8 40. Kd2 Rxe5 41. Ke3 Re7 42. Kf4 Re8 43. Rd2 Kc7 44. Nd1 Kd6 45. Nf2 Rg8 46. g4 hxg4 47. Nxe4+ fxe4 48. Kxe4 Rh8 49. Rxd3+ Kc6 50. Rc3+ Kb6 51. Rb3+ Ka6 52. Rd3 Rxh4 53. Rd6+ b6 54. Rg6 Rh2 55. b4 Ra2 56. Kd4 Kb5 57. Rg5+ Ka4 58. Rxg4 Rxa3 59. Kd5 Kb5 60. Kd6 Rd3+ 61. Kc7 a5 62. bxa5 bxa5 63. Rg5+ Kb4 64. Kc6 a4 65. Rb5+ Kc3 66. Ra5 Kb3 67. Rb5+ Kc2 68. Kc5 a3 69. Ra5 Kb2 70. Kc4 Rc3+ 71. Kd4 Rb3 72. Rh5 a2 73. Rh2+ Ka3 74. Rh1 Rb1 0-1

[Event "2nd Gujarat Open 2019"]
[Site "Ahmedabad, Gujarat"]
[Date "2019.09.28"]
[Round "9.5"]
[White "Manush Shah"]
[Black "Nguyen, Van Huy"]
[Result "1-0"]
[ECO "A46"]
[WhiteElo "2352"]
[BlackElo "2454"]
[Annotator "ChessBase"]
[PlyCount "99"]
[EventDate "2019.09.22"]
[EventType "swiss"]
[EventCountry "IND"]
[SourceTitle "playchess.com"]
[Source "ChessBase"]
[SourceQuality "1"]
[TimeControl "5400+30"]

1. d4 Nf6 2. Nf3 d5 3. c4 e6 4. e3 a6 5. Nbd2 c5 6. b3 cxd4 7. exd4 Nc6 8. Bb2 g6 9. Be2 Bg7 10. O-O O-O 11. Rc1 dxc4 12. Nxc4 Nd5 13. Qd2 Qf6 14. Nce5 Nxe5 15. dxe5 Qf4 16. g3 Qxd2 17. Nxd2 Bd7 18. Nc4 Rfd8 19. Bf3 Bh6 20. Rcd1 Bc6 21. Rfe1 Nb4 22. Bxc6 bxc6 23. a3 Nd3 24. Re2 Rab8 25. Na5 Rbc8 26. Nc4 Rb8 27. Na5 Rb6 28. Bc3 Rd5 29. Rb1 c5 30. Nc4 Rb8 31. f4 g5 32. Ne3 gxf4 33. Nxd5 exd5 34. gxf4 Nxf4 35. Reb2 Bg7 36. Rf1 Ne6 37. b4 d4 38. bxc5 Bxe5 39. Rxb8+ Bxb8 40. Bb4 Bc7 41. c6 Kg7 42. Rf5 Kg6 43. Rd5 Bb6 44. Ba5 Bxa5 45. Rxa5 Kf6 46. Rxa6 Ke5 47. Ra7 Kd6 48. Rxf7 Kxc6 49. Rxh7 Nf4 50. Kf2 1-0

[Event "2nd Gujarat Open 2019"]
[Site "Ahmedabad, Gujarat"]
[Date "2019.09.28"]
[Round "9.6"]
[White "Das, Sayantan"]
[Black "Abu Sufian, Shakil"]
[Result "1-0"]
[ECO "B18"]
[WhiteElo "2434"]
[BlackElo "2255"]
[Annotator "NA"]
[PlyCount "145"]
[EventDate "2019.09.22"]
[EventType "swiss"]
[EventCountry "IND"]
[SourceTitle "playchess.com"]
[Source "ChessBase"]
[SourceQuality "1"]
[TimeControl "5400+30"]

1. e4 c6 2. d4 d5 3. Nd2 dxe4 4. Nxe4 Bf5 5. Ng3 Bg6 6. h4 h6 7. Nf3 e6 8. Ne5 Bh7 9. Bd3 Bxd3 10. Qxd3 Nd7 11. Qe2 Ngf6 12. Bd2 Qc7 13. O-O-O Bd6 14. Nf5 exf5 15. Ng6+ Ne4 16. Nxh8 Kf8 17. Be1 Kg8 18. Nxf7 Kxf7 19. Qc4+ Kf6 20. g4 fxg4 21. Qe2 Re8 22. Qxg4 Nf8 23. d5 Kf7 24. dxc6 bxc6 25. Qh5+ g6 26. Qf3+ Kg7 27. Kb1 h5 28. Qd3 Kh7 29. Rh3 Bf4 30. Qc4 Nf6 31. Ba5 Qxa5 32. Qxf4 Qe5 33. Qa4 Qc5 34. Rf3 Kg7 35. a3 Nd5 36. Qb3 Re7 37. Qd3 Ne6 38. Re1 Nef4 39. Rxe7+ Qxe7 40. Qd4+ Kh7 41. Rxf4 Nxf4 42. Qxf4 c5 43. b3 Kg7 44. a4 a5 45. Ka2 Kh7 46. Qg3 Qg7 47. f4 Qd4 48. Qg5 Qe3 49. Qf6 Qf2 50. Kb2 Qe3 51. f5 gxf5 52. Qxf5+ Kh6 53. Qf6+ Kh7 54. Qc3 Qe7 55. Qd3+ Kh6 56. Qd2+ Kg6 57. Qf4 Kh7 58. Ka2 Kg6 59. Qg3+ Kh6 60. Qf2 Kg6 61. Qf4 Kh7 62. Kb1 Kg6 63. Qg3+ Kh6 64. Ka2 Kh7 65. Qd3+ Kh6 66. Qd2+ Kg6 67. Qxa5 Qxh4 68. Qb6+ Kg7 69. Qxc5 Qg4 70. a5 h4 71. a6 h3 72. a7 Qg2 73. Qc8 1-0

[Event "2nd Gujarat Open 2019"]
[Site "Ahmedabad, Gujarat"]
[Date "2019.09.28"]
[Round "9.7"]
[White "Karthikeyan, P.."]
[Black "Manik, Mikulas"]
[Result "1/2-1/2"]
[ECO "B08"]
[WhiteElo "2408"]
[BlackElo "2375"]
[Annotator "NA"]
[PlyCount "62"]
[EventDate "2019.09.22"]
[EventType "swiss"]
[EventCountry "IND"]
[SourceTitle "playchess.com"]
[Source "ChessBase"]
[SourceQuality "1"]
[TimeControl "5400+30"]

1. Nf3 d6 2. d4 Nf6 3. Nc3 g6 4. e4 Bg7 5. Be2 O-O 6. h3 c5 7. d5 b5 8. Nxb5 Nxe4 9. O-O Bb7 10. Re1 a6 11. Na3 e5 12. Nc4 f5 13. Bd3 Nf6 14. Ng5 Re8 15. Ne6 Qe7 16. f4 e4 17. Nxg7 Kxg7 18. Nb6 Ra7 19. Bc4 Qc7 20. Na4 Qf7 21. Nc3 Nbd7 22. b3 Kf8 23. Bb2 Nh5 24. Qd2 Nb6 25. a4 Qf6 26. g4 Nxc4 27. bxc4 Qd4+ 28. Qxd4 cxd4 29. Ne2 d3 30. cxd3 exd3 31. gxh5 d2 1/2-1/2

[Event "2nd Gujarat Open 2019"]
[Site "Ahmedabad, Gujarat"]
[Date "2019.09.28"]
[Round "9.9"]
[White "Pranav, V."]
[Black "Rahman, Ziaur"]
[Result "0-1"]
[ECO "B12"]
[WhiteElo "2308"]
[BlackElo "2492"]
[Annotator "ChessBase"]
[PlyCount "78"]
[EventDate "2019.09.22"]
[EventType "swiss"]
[EventCountry "IND"]
[SourceTitle "playchess.com"]
[Source "ChessBase"]
[SourceQuality "1"]
[TimeControl "5400+30"]

1. e4 c6 2. d4 d5 3. e5 c5 4. Nf3 cxd4 5. Qxd4 e6 6. Bd3 Nc6 7. Qf4 f5 8. h4 Nb4 9. Nc3 Bd7 10. Be3 Nxd3+ 11. cxd3 Nh6 12. Nh2 Bc6 13. Qd4 Be7 14. Bxh6 gxh6 15. Ne2 Rg8 16. Kf1 Qa5 17. Rc1 Qxa2 18. g3 Bd8 19. Nf4 Kf7 20. Nf3 Qa4 21. Qe3 d4 22. Nxd4 Bxh1 23. Nfxe6 Rc8 24. Re1 Bb6 25. Qxh6 Bxd4 26. Nxd4 Qxd4 27. Qf6+ Ke8 28. Qe6+ Kd8 29. Qxg8+ Kc7 30. Qxh7+ Qd7 31. Qh6 Qxd3+ 32. Kg1 Bc6 33. Kh2 a5 34. Re3 Qd1 35. f3 Rd8 36. g4 f4 37. Qxf4 Rd2+ 38. Kg3 Qg1+ 39. Kh3 Qg2# 0-1

[Event "2nd Gujarat Open 2019"]
[Site "Ahmedabad, Gujarat"]
[Date "2019.09.28"]
[Round "9.10"]
[White "Bharat Kumar Reddy Poluri"]
[Black "Neelotpal, Das"]
[Result "1/2-1/2"]
[ECO "C96"]
[WhiteElo "2304"]
[BlackElo "2433"]
[Annotator "RC"]
[PlyCount "65"]
[EventDate "2019.09.22"]
[EventType "swiss"]
[EventCountry "IND"]
[SourceTitle "playchess.com"]
[Source "ChessBase"]
[SourceQuality "1"]
[TimeControl "5400+30"]

1. e4 e5 2. Nf3 Nc6 3. Bb5 a6 4. Ba4 Nf6 5. O-O Be7 6. Re1 b5 7. Bb3 d6 8. c3 O-O 9. h3 Na5 10. Bc2 c5 11. d4 Nd7 12. Nbd2 exd4 13. cxd4 Nc6 14. d5 Nce5 15. a4 Rb8 16. Nxe5 Nxe5 17. axb5 axb5 18. f4 Ng6 19. Nf3 Bh4 20. Nxh4 Qxh4 21. e5 Nxf4 22. Ra3 Ng6 23. exd6 Rb6 24. Be3 Rxd6 25. Bf2 Qg5 26. Rg3 Qd8 27. Bxc5 Rxd5 28. Rd3 Rxd3 29. Bxd3 Nf4 30. Bxf8 Nxd3 31. Bc5 Bf5 32. b4 h6 33. Rf1 1/2-1/2

[Event "2nd Gujarat Open 2019"]
[Site "Ahmedabad, Gujarat"]
[Date "2019.09.28"]
[Round "9.11"]
[White "Lugovskoy, Maxim"]
[Black "Nikhil Magizhnan"]
[Result "1-0"]
[ECO "C00"]
[WhiteElo "2422"]
[BlackElo "2251"]
[Annotator "NA"]
[PlyCount "177"]
[EventDate "2019.09.22"]
[EventType "swiss"]
[EventCountry "IND"]
[SourceTitle "playchess.com"]
[Source "ChessBase"]
[SourceQuality "1"]
[TimeControl "5400+30"]

1. e4 e6 2. Qe2 c5 3. Nf3 Nc6 4. c3 e5 5. Qe3 d6 6. d4 g6 7. Na3 cxd4 8. cxd4 exd4 9. Nxd4 Bg7 10. Bb5 Nge7 11. Bd2 O-O 12. Bc3 Qb6 13. Bxc6 Nxc6 14. Nc4 Qc5 15. Nxc6 Bxc3+ 16. Qxc3 Qxc6 17. Qd4 Be6 18. Ne3 Qa6 19. h4 h5 20. f3 Qa5+ 21. Kf2 Rfd8 22. f4 Qc5 23. Rhd1 Rac8 24. Qf6 Bg4 25. Rd5 Qb6 26. Qd4 Qxd4 27. Rxd4 Be6 28. b3 Rc5 29. Rad1 Ra5 30. R1d2 f6 31. Ke2 Kf7 32. Kd1 Ke7 33. Kc1 Rc8+ 34. Kb2 Rc6 35. Nc2 Rb6 36. R4d3 Rc5 37. Nd4 Bg4 38. Re3 Kf7 39. Nc2 Be6 40. Ne1 a5 41. Rd4 Rc7 42. Re2 Bg4 43. Red2 Ke7 44. Nc2 Be6 45. Ne3 Rc5 46. Re2 Kf7 47. Rf2 Ke7 48. Rf3 Ra6 49. Rf2 Rb6 50. Rf1 Ra6 51. Rf3 Rb6 52. Rg3 Kf7 53. f5 gxf5 54. exf5 Bxf5 55. Nc4 Rbc6 56. Nxd6+ Kf8 57. Nxb7 Rc2+ 58. Ka3 Bg4 59. Rd8+ Kf7 60. Ra8 Rc7 61. Nxa5 Re2 62. Nc4 f5 63. Rc3 Rce7 64. g3 Rh2 65. Rd3 Ree2 66. Ra7+ Kf6 67. Kb4 Re6 68. Rd8 Rh3 69. Rf8+ Kg6 70. Rg8+ Kf6 71. Rgg7 Re8 72. Raf7+ Ke6 73. Rb7 Kf6 74. Rh7 Kg6 75. Rhc7 Re6 76. Ne5+ Kf6 77. Nd7+ Kf7 78. Nc5+ Kf6 79. Nxe6 Kxe6 80. Rc3 f4 81. gxf4 Rxh4 82. a4 Bf5 83. Rc6+ Kd5 84. Rc5+ Ke4 85. Re7+ Kxf4 86. Rc4+ Kg5 87. Rg7+ Kh6 88. Rxh4 Kxg7 89. Rxh5 1-0

[Event "2nd Gujarat Open 2019"]
[Site "Ahmedabad, Gujarat"]
[Date "2019.09.28"]
[Round "9.12"]
[White "Hesham, Abdelrahman"]
[Black "Shailesh, Dravid"]
[Result "1-0"]
[ECO "A45"]
[WhiteElo "2396"]
[BlackElo "2299"]
[Annotator "NA"]
[PlyCount "137"]
[EventDate "2019.09.22"]
[EventType "swiss"]
[EventCountry "IND"]
[SourceTitle "playchess.com"]
[Source "ChessBase"]
[SourceQuality "1"]
[TimeControl "5400+30"]

1. d4 Nf6 2. Bf4 e6 3. Nf3 c5 4. e3 Nc6 5. Nbd2 Be7 6. h3 O-O 7. c3 b6 8. Bd3 Bb7 9. e4 cxd4 10. cxd4 Nb4 11. Bb1 Ba6 12. Nb3 d5 13. e5 Ne4 14. a3 Nc6 15. Nbd2 f5 16. exf6 Bxf6 17. Qa4 Nxd2 18. Bxd2 Qc8 19. Bc3 e5 20. dxe5 Nxe5 21. Nxe5 Bxe5 22. Bxh7+ Kxh7 23. Bxe5 Re8 24. Qh4+ Kg8 25. Qg5 Rxe5+ 26. Qxe5 Qc6 27. Kd2 Re8 28. Qc3 Qh6+ 29. Kd1 Be2+ 30. Kc2 Qg6+ 31. Kd2 Qg5+ 32. Kc2 Qf5+ 33. Kd2 Qxf2 34. Kc1 d4 35. Qb3+ Kh8 36. Kb1 Rc8 37. g4 Qh4 38. Ra2 Qh7+ 39. Ka1 Qh6 40. Rb1 d3 41. Qb5 Qe6 42. b3 Rc5 43. Qb4 Qf6+ 44. Rab2 a5 45. Qe4 Qc3 46. Ka2 Re5 47. Qf4 Rd5 48. Rc1 Qe5 49. Qxe5 Rxe5 50. Rc6 b5 51. Rd2 b4 52. Rc4 Rb5 53. h4 Kh7 54. Kb2 Kg6 55. axb4 axb4 56. Kc1 Ra5 57. Rxb4 Ra1+ 58. Kb2 Rh1 59. g5 Kh5 60. Kc3 Rc1+ 61. Kb2 Rh1 62. Rd4 Rxh4 63. Rxh4+ Kxh4 64. b4 Kxg5 65. b5 Kf4 66. b6 Bf3 67. Rxd3 Bc6 68. Rd6 Bh1 69. Rg6 1-0

[Event "2nd Gujarat Open 2019"]
[Site "Ahmedabad, Gujarat"]
[Date "2019.09.28"]
[Round "9.13"]
[White "Srihari L R"]
[Black "Eraschenkov, Denis"]
[Result "1/2-1/2"]
[ECO "E70"]
[WhiteElo "2283"]
[BlackElo "2390"]
[Annotator "NA"]
[PlyCount "61"]
[EventDate "2019.09.22"]
[EventType "swiss"]
[EventCountry "IND"]
[SourceTitle "playchess.com"]
[Source "ChessBase"]
[SourceQuality "1"]
[TimeControl "5400+30"]

1. d4 Nf6 2. c4 g6 3. Nc3 Bg7 4. e4 O-O 5. h3 c6 6. Bd3 d5 7. cxd5 cxd5 8. e5 Ne8 9. Nge2 f6 10. f4 fxe5 11. fxe5 Nc6 12. Be3 Nc7 13. Qd2 Bf5 14. Bxf5 Rxf5 15. h4 Qd7 16. O-O-O Raf8 17. Ng3 R5f7 18. h5 Qg4 19. Nce2 gxh5 20. Rxh5 Ne6 21. Kb1 Rf1 22. Nxf1 Qxh5 23. Nfg3 Qg6+ 24. Qd3 Qxd3+ 25. Rxd3 Kf7 26. Rd1 Na5 27. b3 Nc6 28. Rh1 Kg8 29. a3 Rf7 30. Rh5 Nf8 31. Ng1 1/2-1/2

[Event "2nd Gujarat Open 2019"]
[Site "Ahmedabad, Gujarat"]
[Date "2019.09.28"]
[Round "9.14"]
[White "Vlassov, Nikolai"]
[Black "Lakshmi Narayanan M V"]
[Result "0-1"]
[ECO "C24"]
[WhiteElo "2384"]
[BlackElo "2188"]
[Annotator "NA"]
[PlyCount "122"]
[EventDate "2019.09.22"]
[EventType "swiss"]
[EventCountry "IND"]
[SourceTitle "playchess.com"]
[Source "ChessBase"]
[SourceQuality "1"]
[TimeControl "5400+30"]

1. e4 e5 2. Bc4 Nf6 3. d3 c6 4. Nf3 d5 5. Bb3 Bg4 6. h3 Bxf3 7. Qxf3 dxe4 8. dxe4 Nbd7 9. Nc3 Bc5 10. g4 h6 11. h4 Nf8 12. Bd2 Qd7 13. Rg1 Ne6 14. O-O-O Nd4 15. Qg3 Qe7 16. g5 Nxe4 17. Qg2 Nxd2 18. Rxd2 O-O-O 19. Ne4 hxg5 20. hxg5 f5 21. gxf6 gxf6 22. Bc4 f5 23. Ng5 Bb4 24. Rdd1 Qc5 25. Qf1 b5 26. c3 Qxc4 27. Qxc4 bxc4 28. cxd4 Rxd4 29. Nf7 Re8 30. Rg5 Rf4 31. a3 Bc5 32. Nd6+ Bxd6 33. Rxd6 Kc7 34. Rf6 Rxf2 35. Rgxf5 Rxf5 36. Rxf5 Kd6 37. Kd2 Rb8 38. Kc2 Rb7 39. Rf8 Re7 40. Kc3 Rb7 41. Rd8+ Kc5 42. Re8 Rb3+ 43. Kc2 Re3 44. Kd2 Rd3+ 45. Kc2 Kd4 46. Rd8+ Ke3 47. Ra8 Rd7 48. Kc3 e4 49. Rc8 Kf2 50. Rxc6 e3 51. Rf6+ Ke1 52. Kxc4 Kd2 53. b4 e2 54. Re6 Rd3 55. Rxe2+ Kxe2 56. a4 Ke3 57. a5 Ke4 58. b5 Rd1 59. Kc5 Rc1+ 60. Kd6 Ra1 61. a6 Rc1 0-1

[Event "2nd Gujarat Open 2019"]
[Site "Ahmedabad, Gujarat"]
[Date "2019.09.28"]
[Round "9.15"]
[White "Liyanage, Ranindu Dilshan"]
[Black "Sidhant, Mohapatra"]
[Result "1/2-1/2"]
[ECO "B47"]
[WhiteElo "1956"]
[BlackElo "2357"]
[Annotator "NA"]
[PlyCount "102"]
[EventDate "2019.09.22"]
[EventType "swiss"]
[EventCountry "IND"]
[SourceTitle "playchess.com"]
[Source "ChessBase"]
[SourceQuality "1"]
[TimeControl "5400+30"]

1. e4 c5 2. Nf3 e6 3. d4 cxd4 4. Nxd4 Nc6 5. Nc3 Qc7 6. g3 a6 7. Bg2 Nf6 8. O-O h5 9. Nf3 d6 10. Re1 Ng4 11. h3 Nge5 12. Nxe5 dxe5 13. Be3 Be7 14. Na4 b5 15. Nb6 Rb8 16. Nxc8 Rxc8 17. c3 h4 18. Qg4 Kf8 19. b4 g6 20. a4 Kg7 21. f4 hxg3 22. f5 Rh4 23. Qxg3 Rf4 24. Bxf4 exf4 25. Qg4 Ne5 26. Qxf4 Qxc3 27. Rf1 Nd3 28. Qf3 Qd4+ 29. Kh1 Bd6 30. fxg6 f5 31. h4 Qe5 32. Qh3 Rc3 33. Bf3 Nf4 34. Qg3 fxe4 35. Rae1 Qd5 36. Rd1 Nd3 37. Qg5 Qxg5 38. hxg5 exf3 39. Rxf3 Nb2 40. Rxc3 Nxd1 41. Rc6 Bxb4 42. Rxa6 bxa4 43. Rxa4 Bc3 44. Ra6 Nf2+ 45. Kg2 Nd3 46. Kg3 Nc5 47. Rc6 Bd4 48. Kf4 Kxg6 49. Rd6 Bg1 50. Rc6 Nd3+ 51. Ke4 Nc5+ 1/2-1/2

[Event "2nd Gujarat Open 2019"]
[Site "Ahmedabad, Gujarat"]
[Date "2019.09.28"]
[Round "9.16"]
[White "Rathnakaran, K.."]
[Black "Pandey Srishti"]
[Result "1/2-1/2"]
[ECO "B02"]
[WhiteElo "2325"]
[BlackElo "1928"]
[Annotator "NA"]
[PlyCount "124"]
[EventDate "2019.09.22"]
[EventType "swiss"]
[EventCountry "IND"]
[SourceTitle "playchess.com"]
[Source "ChessBase"]
[SourceQuality "1"]
[TimeControl "5400+30"]

1. e4 Nf6 2. d3 e5 3. c4 d6 4. Nc3 g6 5. Be2 Bg7 6. h4 h5 7. Bg5 Be6 8. Qb3 Qc8 9. Nf3 Nbd7 10. d4 exd4 11. Nxd4 Nc5 12. Qc2 Ng4 13. Rd1 a5 14. Nd5 Bxd5 15. cxd5 O-O 16. f3 Nh6 17. Qc1 Kh7 18. g4 f5 19. exf5 gxf5 20. Bxh6 Bxh6 21. Qc2 Qe8 22. Nxf5 Qg6 23. Rd4 Rae8 24. Kd1 Bg7 25. Bb5 Bxd4 26. Bxe8 Rxe8 27. gxh5 Qxh5 28. Nxd4+ Kh8 29. Rg1 Re4 30. Qd2 Rxh4 31. Ne2 Qxf3 32. Qg5 Qd3+ 33. Kc1 Rc4+ 34. Nc3 Rxc3+ 35. bxc3 Qxc3+ 36. Kd1 Qd4+ 37. Ke1 Qc3+ 38. Qd2 Ne4 39. Qxc3+ Nxc3 40. Kd2 Nxd5 41. Kd3 Nb4+ 42. Ke4 Nxa2 43. Kf5 Kh7 44. Ra1 Nb4 45. Rxa5 Nc6 46. Ra1 Nd4+ 47. Kf6 c6 48. Rg1 c5 49. Rg7+ Kh6 50. Rxb7 Kh5 51. Rg7 Kh4 52. Rg1 Kh3 53. Ke7 c4 54. Rc1 d5 55. Kd6 Ne2 56. Rc2 Nf4 57. Ke5 Kg3 58. Rc3+ Kg4 59. Ra3 Ne2 60. Re3 Nf4 61. Kd4 Kf5 62. Re8 Ne6+ 1/2-1/2